 Dungeon Crawl Stone Soup version 0.17.2-1-ge4368a0 (webtiles) character file.

39 nyanpiggle the Grave Robber (level 3, 0/28 HPs)
             Began as a Deep Elf Necromancer on May 8, 2019.
             Succumbed to an adder's poison
             ... on level 2 of the Dungeon.
             The game lasted 00:35:29 (1008 turns).

nyanpiggle the Grave Robber (Deep Elf Necromancer)  Turns: 1008, Time: 00:35:29

Health: 0/28       AC: 21    Str:  5    XL:     3   Next: 26%
Magic:  5/10       EV:  2    Int: 20    God:
Gold:   86         SH:  0    Dex: 15    Spells: 2 memorised, 7 levels left

rFire  . . .     SeeInvis .     s - +1 dagger (holy)
rCold  . . .     Clarity  +     (armour currently unavailable)
rNeg   + + +     SustAt   .     (no shield)
rPois  +         Gourm    .     (helmet currently unavailable)
rElec  .         Spirit   .     (cloak currently unavailable)
rCorr  .         Warding  .     (gloves currently unavailable)
rMut   .         NoTele   +     (boots currently unavailable)
MR     .....                    r - amulet of clarity
Stlth  +++.......               (no ring)
                                (no ring)

@: lethally poisoned (0 -> -5), tree-form, not resistant to hostile
enchantments, fairly stealthy
A: no striking features
a: no special abilities


You were on level 2 of the Dungeon.
You were very full.
You were a tree.
You visited 1 branch of the dungeon, and saw 3 of its levels.

You collected 86 gold pieces.

Inventory:

Hand Weapons
 e - a +0 dagger
 g - a +0 club
 m - a +0 club
 o - a +0 club
 s - a +1 dagger of holy wrath (weapon)
 t - a cursed -1 dagger
 y - a +0 short sword
Missiles
 d - 46 arrows
 h - 64 stones
 j - 5 javelins of returning
 n - a throwing net (quivered)
 q - 23 bolts
Armour
 a - a +0 robe (melded)
 i - a +0 pair of boots (melded)
 p - a +0 helmet (melded)
 u - a +0 leather armour
Jewellery
 r - an amulet of clarity (around neck)
 w - an uncursed ring of poison resistance {unknown}
Scrolls
 v - a scroll of remove curse {unknown}
 x - a scroll of fear {unknown}
Potions
 l - a potion of lignification
 A - a potion of poison {unknown}
Books
 b - a book of Necromancy

   Spells                             Type                      Level
   a - Pain                           Necromancy                   1
   b - Animate Skeleton               Necromancy                   1
   c - Vampiric Draining              Necromancy                   3
   d - Regeneration                   Charms/Necromancy            3
   e - Animate Dead                   Necromancy                   4
   f - Control Undead                 Necromancy                   4
Comestibles
 c - 2 bread rations
 f - a chunk of flesh
 k - a meat ration
 z - a beef jerky
 B - 2 inedible chunks of flesh


   Skills:
 + Level 2.6 Dodging
 + Level 2.5 Stealth
 + Level 3.5 Spellcasting
 + Level 5.8 Necromancy


You had 7 spell levels left.
You knew the following spells:

 Your Spells              Type           Power        Failure   Level  Hunger
a - Pain                  Necr           ####         1%          1    None
b - Animate Skeleton      Necr           N/A          1%          1    None


Dungeon Overview and Level Annotations

Branches:
Dungeon (3/15)

Altars:
Ashenzari
Dithmenos
Elyvilon
Fedhas
Gozag
Kikubaaqudgha
Okawaru
Trog
Xom


Message History

Wield which item (- for none, * to show all)? (? for menu, Esc to quit)
Okay, then.
Wield which item (- for none, * to show all)? (? for menu, Esc to quit)
It softly glows with a divine radiance!
s - a +1 dagger of holy wrath (weapon)
* * * LOW HITPOINT WARNING * * *
You feel sick. The adder bites you but does no damage.
There are no items here.
The adder bites you but does no damage. x2
Casting: Pain
Confirm with . or Enter, or press ? or * to list all spells.
Aiming: Pain
Press: ? - help, Shift-Dir - straight line, f - adder
Aim: an adder (moderately wounded, chance to defeat MR: 89%)
The adder convulses in agony!
You kill the adder!
* * * LOW HITPOINT WARNING * * *
You feel sick.
You continue eating.
You die...

#.# #.# ###.# ....######
######## ##.......###
#......# #.###.....#
#.####.# #. ##.#.#.#
#.####.###### #.
#...<#.#####...........# #.
#..#........♣...#..#.#.#
#.......#.#####....#..#.#.#
####......# #.......# ..#
##..#.### #######.# #.#
#...#...### #.###.####
#.#####.(. #........# ##
#...#...# ##.......#
.####..#...# #.......#
.........# . #.......#


There were no monsters in sight!

Vanquished Creatures
  2 adders (D:2)
  3 bats
  2 giant cockroaches (D:2)
  4 hobgoblins
  A giant gecko (D:2)
  A giant newt (D:1)
  A goblin (D:1)
  5 kobolds
  2 rats (D:1)
21 creatures vanquished.

Notes
Turn   | Place    | Note
--------------------------------------------------------------
     0 | D:1      | nyanpiggle the Deep Elf Necromancer began the quest for the Orb.
     0 | D:1      | Reached XP level 1. HP: 10/10 MP: 6/6
     7 | D:1      | Learned a level 1 spell: Animate Skeleton
   216 | D:1      | Reached skill level 5 in Necromancy
   501 | D:1      | Reached XP level 2. HP: 15/15 MP: 6/8
   560 | D:1      | You fall through a shaft!
   765 | D:2      | Found a bloodstained altar of Trog.
   771 | D:2      | Found a shadowy altar of Dithmenos.
   785 | D:2      | Found an iron altar of Okawaru.
   785 | D:2      | Found a shattered altar of Ashenzari.
   785 | D:2      | Found an ancient bone altar of Kikubaaqudgha.
   785 | D:2      | Found a white marble altar of Elyvilon.
   791 | D:2      | Found an opulent altar of Gozag.
   798 | D:2      | Found a shimmering altar of Xom.
   911 | D:1      | Reached XP level 3. HP: 16/19 MP: 5/9
   988 | D:3      | Found a blossoming altar of Fedhas.
  1006 | D:2      | HP: 1/28 [poisoned by an adder]
  1008 | D:2      | Succumbed to an adder's poison

Action                   || total
-------------------------++-------
 Cast: Pain              ||    33
  Use: Potion            ||     1
  Eat: Beef jerky        ||     1
       Meat ration       ||     1
